 Dungeon Crawl Stone Soup version bcrawl-1.12-8-g964540c432 (webtiles) character file.

Game seed: 4538603944209238065

246 Gumption the Sneak (level 5, -1/35 HPs)
             Began as a Dusk Walker Archaeologist on June 10, 2019.
             Killed by divine providence
             ... invoked by an orc priest
              (17 damage)
             ... on level 4 of the Dungeon.
             The game lasted 00:28:06 (2959 turns).

Gumption the Sneak (Dusk Walker Archaeologist)      Turns: 2959, Time: 00:28:07

Health: -1/35      AC: 21    Str: 13    XL:     5   Next: 84%
Magic:  5/5        EV:  7    Int: 14    God:
Gold:   161        SH:  0    Dex: 11    Spells: 4/4 levels left

rFire    . . .     SeeInvis .   a - +2 dagger (protect)
rCold    . . .     Gourm    .   (no shield)
rNeg     . . .     Faith    .   o - +0 chain mail
rPois    .         Spirit   .   n - +1 hat
rElec    .         Reflect  .   (no cloak)
rCorr    .         Harm     .   d - +1 pair of gloves
MR       .....                  q - +1 pair of boots
Stlth    +++.......             (no amulet)
HPRegen  0.11/turn              (no ring)
MPRegen  0.09/turn              (no ring)

@: protection aura, very slightly contaminated, studying Short Blades
A: draining touch, unencumbered stealth, fangs 2, nightstalker 1
a: no special abilities


You were on level 4 of the Dungeon.
You were not hungry.

You visited 1 branch of the dungeon, and saw 4 of its levels.

You collected 161 gold pieces.

Inventory:

Hand Weapons
 a - a +2 dagger of protection (weapon)
 b - a +0 hunting sling
 w - a +0 blowgun
Missiles
 k - 1589 stones (quivered)
 C - 94 poisoned needles
Armour
 c - a +1 pair of boots
 d - a +1 pair of gloves (worn)
 n - a +1 hat (worn)
 o - a +0 chain mail (worn)
 q - a +1 pair of boots (worn)
Wands
 m - a wand of flame (25)
Potions
 i - a potion of brilliance
 j - a potion of magic
 l - a potion of might {unknown}
 r - 2 potions of invisibility
 t - 2 potions of flight
 u - a potion of heal wounds {unknown}
 z - 2 potions of agility
 A - 2 potions of curing
 B - a potion of degeneration {unknown}
Books
 g - a manual of Short Blades
Miscellaneous
 f - an ancient crate
Comestibles
 e - 6 rations {!d}


   Skills:
 + Level 2.3 Fighting
 * Level 4.2 Short Blades
 + Level 2.2 Armour
 + Level 3.8 Dodging
 * Level 7.1 Stealth


You had 4 spell levels left.
You didn't know any spells.
Your spell library was empty.

Dungeon Overview and Level Annotations

Branches:
Dungeon (4/12)
 Temple: D:4-7

Altars:

Annotations:
D:3 3 runed translucent doors, dracos369's ghost, amateur OpTm


Innate Abilities, Weirdness & Mutations

Your attacks drain your enemies.
You move stealthily even while encumbered by armour.
You have extremely sharp teeth.
You are slightly more attuned to the shadows.


Message History

You hit the orc priest but do no damage.
You drain the orc priest.
The orc priest is moderately wounded.
The orc priest hits you but does no damage.
You closely miss the orc priest.
The orc priest is moderately wounded.
The orc priest invokes the aid of Beogh against you.
Pain shoots through your body! The orc barely misses you.
The orc priest hits you but does no damage.
You hit the orc priest but do no damage.
You drain the orc priest. Your bite misses the orc priest.
The orc priest is heavily wounded.
The orc hits you but does no damage.
You hit the orc priest but do no damage.
Your bite misses the orc priest.
The orc priest is heavily wounded.
The orc priest closely misses you.
The orc priest invokes the aid of Beogh against you.
Beogh smites you!
You die...

*.....##§§§§..## *####§§§§§§§...#
*** ***#..§§§§§§...###### **,*
*.##.§§....§#..#....#**,,**
*......§..§.#.......#*,,,,*
,....##..#^........##,,,,,******
,........###........##.,,,,**,,**
,...,......#<##.oo.....,,,,,,,,,,
,..,............@oo....,,,*,,,,,,
,,,..............##....,,,*,,,,*,
,,..................,..,,,,,,*,**
,,,,,,.........##....,,,,,,,****
,,,,,,...####...,....#,,,,,**
,,,,,,...***#....###.#,,,,**
,,,,,,..,,**....##*,..*,,,******
**,,,,,,,,,,,,****,,****,,,**,,**
*,,,,,,,,,,,,,* ***,*,**,,,,,,,,*


You could see 2 orc priests and 2 orcs.

Vanquished Creatures
  An ogre (D:3)
  A crimson imp (D:3)
  A worker ant (D:4)
  A shadow imp (D:2)
  5 oozes
  A worm (D:3)
  2 dart slugs
  4 leopard geckos
  3 orcs
  A ball python (D:1)
  5 giant cockroaches
  9 goblins
  9 hobgoblins
  6 kobolds
  A quokka (D:4)
  3 bats (D:2)
  2 frilled lizards
  8 rats
63 creatures vanquished.

Notes
Turn   | Place    | Note
-------+----------+-------------------------------------------
     0 | D:1      | Gumption the Dusk Walker Archaeologist began the quest for
                  | the Orb.
     0 | D:1      | Reached XP level 1. HP: 13/13 MP: 1/1
    84 | D:1      | Reached skill level 5 in Stealth
   182 | D:1      | Reached XP level 2. HP: 18/18 MP: 2/2
   463 | D:1      | Reached skill level 1 in Armour
   463 | D:1      | Reached XP level 3. HP: 20/23 MP: 3/3
   604 | D:1      | Reached skill level 1 in Short Blades
   681 | D:1      | Reached skill level 6 in Stealth
  1055 | D:2      | Gained mutation: You are slightly more attuned to the
                  | shadows. [Dusk Walker growth]
  1055 | D:2      | Reached XP level 4. HP: 29/29 MP: 4/4
  1631 | D:3      | Found a runed translucent gate.
  1632 | D:3      | Found a runed translucent gate.
  1907 | D:3      | Found a runed translucent gate.
  1910 | D:3      | Noticed dracos369's ghost (amateur OpTm)
  2420 | D:3      | Noticed an ogre
  2488 | D:3      | Killed an ogre
  2488 | D:3      | Reached XP level 5. HP: 17/34 MP: 5/5
  2721 | D:3      | Reached skill level 7 in Stealth
  2959 | D:4      | Killed from afar by an orc priest

Skill      XL: |  1  2  3  4  5 |
---------------+----------------+-----
Stealth        | 5 6 7 |  7.1
Armour         | 1 2 |  2.2
Short Blades   | 1 3 4 |  4.2
Fighting       | 2 |  2.3
Dodging        | |  3.8

Action                   |  1- 3 |  4- 6 || total
-------------------------+-------+-------++-------
Melee: Whip              |    43 |       ||    43
       Unarmed           |     9 |       ||     9
       Bite              |     7 |    10 ||    17
       Dagger            |    82 |   130 ||   212
 Fire: Hunting sling     |     4 |       ||     4
       Blowgun           |       |     3 ||     3
Throw: Stone             |    13 |       ||    13
  Use: Scroll            |       |    13 ||    13
 Stab: Sleeping          |     5 |     3 ||     8
  Eat: Chunk             |     1 |     4 ||     5
       Ration            |       |     1 ||     1
Armor: Robe              |     6 |       ||     6
       Chain mail        |    72 |    73 ||   145
Dodge: Dodged            |    55 |    29 ||    84
